 Dungeon Crawl Stone Soup version 0.28-a0-79-g444c7a33f5 (webtiles) character file.

Game seed: 2405629482919986760

44 CowFu the Insei (level 3, 0/29 HPs)
             Began as a Draconian Transmuter on Aug 2, 2021.
             Was a Believer of Uskayaw.
             Killed from afar by Sigmund (2 damage)
             ... with a magic dart
             ... on level 2 of the Dungeon.
             The game lasted 00:01:33 (1757 turns).

CowFu the Insei (Draconian Transmuter)              Turns: 1757, Time: 00:01:34

Health: 0/29       AC:  5    Str: 12    XL:     3   Next: 39%
Magic:  6/6        EV: 12    Int: 13    God:    Uskayaw [**....]
Gold:   29         SH:  0    Dex: 12    Spells: 5/6 levels left

rFire   . . .      SeeInvis .     - Unarmed
rCold   . . .      Faith    .   (no shield)
rNeg    . . .      Spirit   .   (armour unavailable)
rPois   .          Reflect  .   (helmet currently unavailable)
rElec   .          Harm     .   (no cloak)
rCorr   .          Rampage  .   (no gloves)
Will    .....                   (boots currently unavailable)
Stlth   +.........              (no amulet)
HPRegen 0.09/turn               (no ring)
MPRegen 0.10/turn               (no ring)

@: appendages (expiring)
A: horns 2, talons 2, AC +5, unfitting armour, cold-blooded
a: End Transformation, Renounce Religion, Stomp, Line Pass


You were on level 2 of the Dungeon.
You worshipped Uskayaw.
Uskayaw was noncommittal.
You had temporarily grown beastly horns and talons.
You visited 1 branch of the dungeon, and saw 2 of its levels.

You collected 29 gold pieces.

Inventory:

Missiles
 l - 8 silver javelins
Armour
 k - a +0 kite shield
Scrolls
 a - a scroll of silence {unknown}
 b - a scroll of brand weapon {unknown}
 d - a scroll of amnesia {unknown}
 f - 2 scrolls of identify {unknown}
 g - a scroll of enchant armour {unknown}
 h - 3 scrolls of teleportation {unknown}
 i - 2 scrolls of vulnerability {unknown}
Potions
 j - a potion of invisibility {unknown}
 m - a potion of cancellation {unknown}
 n - a potion of flight {unknown}


   Skills:
 + Level 1.8 Fighting
 + Level 2.2 Dodging
 + Level 3.3 Unarmed Combat
 + Level 2.3 Spellcasting
 + Level 2.4 Transmutations


You had 5 spell levels left.
You knew the following spells:

 Your Spells              Type           Power      Damage    Failure   Level
a - Beastly Appendage     Tmut           14%        N/A       9%          1

Your spell library contained the following spells:

 Spells                   Type           Power      Damage    Failure   Level
 Wereblood                Tmut           7%         N/A       14%         2
 Spider Form              Tmut/Pois      2%         N/A       41%         3
 Ice Form                 Ice/Tmut       4%         N/A       83%         4


Dungeon Overview and Level Annotations

Branches:
Dungeon (2/15)

Altars:
Uskayaw

Annotations:
D:2 Sigmund


Innate Abilities, Weirdness & Mutations

You have temporarily grown beastly horns and talons.
Your plain brown scales are hard. (AC +5)
You cannot fit into any form of body armour.
You are cold-blooded and may be slowed by cold attacks.


Message History

Sigmund the Dreaded comes into view.
He is wielding a +0 scythe.
Sigmund is nearby!
Sigmund is nearby!
Casting: Beastly Appendage (safe; 9% risk of failure)
Confirm with . or Enter, or press ? or * to list all spells.
You grow a pair of large bovine horns.
Your feet morph into talons.
It was a potion of heal wounds.
You feel much better. Sigmund gestures at you while chanting.
You resist with significant effort.
It was a potion of curing.
You feel better.
Sigmund hits you from afar with a +0 scythe!
Sigmund hits you with a +0 scythe!
You barely miss Sigmund. Sigmund barely misses you.
You hit Sigmund. You claw Sigmund. You headbutt Sigmund.
Sigmund is moderately wounded.
Sigmund closely misses you.
You hit Sigmund but do no damage. Your kick misses Sigmund.
Sigmund is moderately wounded.
Your transformation is almost over.
Sigmund barely misses you.
You closely miss Sigmund.
Sigmund is moderately wounded.
Sigmund hits you with a +0 scythe.
* * * LOW HITPOINT WARNING * * *
You closely miss Sigmund.
Sigmund is moderately wounded.
Sigmund screams, "Don't try to resist!"
Sigmund hits you with a +0 scythe.
* * * LOW HITPOINT WARNING * * *
You hit Sigmund.
Sigmund is heavily wounded.
Sigmund gestures at you while chanting. The magic dart hits you.
* * * LOW HITPOINT WARNING * * *
You can now pass through a line of other dancers.
You hit Sigmund.
Sigmund is heavily wounded.
Sigmund gestures at you while chanting. The magic dart hits you.
You die...

#.##..# # #.##..# #.
#.##..# #>.####### #..
#.##..# #......<.# ...#
#.##..# ##.#####.# ..#
#.##..# #.# #.###.#...#
#)# ##........#####.#
##.##
#.#........@@...####...#
#...#.....#######......#
#...###...# #>##...#
#....##...# #.######
#...).....# #......#
#...†.##..# ######.#
#..#...#..# #.#
#..)......# #.#
####...##.# #.#


You could see Sigmund.

Vanquished Creatures
  An adder (D:2)
  2 dart slugs (D:1)
  3 endoplasms (D:1)
  A giant cockroach (D:1)
  2 hobgoblins (D:1)
  6 kobolds
  3 ball pythons (D:1)
  3 bats (D:1)
  2 frilled lizards
  4 goblins
  3 rats
30 creatures vanquished.

Notes
Turn   | Place    | Note
-------+----------+-------------------------------------------
     0 | D:1      | CowFu the Draconian Transmuter began the quest for the Orb.
     0 | D:1      | Reached XP level 1. HP: 16/16 MP: 3/3
   427 | D:1      | Reached XP level 2. HP: 22/23 MP: 3/5
   781 | D:1      | Found a faded altar of an unknown god.
   900 | D:1      | Became a worshipper of Uskayaw the Reveller
   900 | D:1      | Reached * piety under Uskayaw
  1059 | D:1      | Reached ** piety under Uskayaw
  1218 | D:1      | Reached XP level 3. HP: 24/29 MP: 4/6
  1745 | D:2      | Noticed Sigmund
  1756 | D:2      | HP: 1/29 [Sigmund/magic dart (1)]
  1757 | D:2      | Killed from afar by Sigmund

Illustrated notes

Levels and vault maps discovered:
D:1:      elethiomel_arrival_shortcut, layout_loops_cross,
          dreamdust_ecumenical_altar_angels_and_demons, chequers_big_river,
          roderic_roman_lattice, minmay_heptomino_d4
D:2:      layout_loops_ring, uniq_crazy_yiuf_cottage, uniq_sigmund

Skill      XL: |  1  2 |
---------------+-------+-----
Dodging        | 2 |  2.2
Fighting       | |  1.8
Unarmed Combat | |  3.3
Spellcasting   | |  2.3
Transmutations | |  2.4

Action                   || total
-------------------------++-------
Melee: Unarmed           ||    83
       Kick              ||    12
       Headbutt          ||     8
       Tailslap          ||     3
       Punch             ||     1
 Cast: Beastly Appendage ||    19
  Use: Potion            ||     2
 Stab: Sleeping          ||     1
Armor: Skin              ||    16
Dodge: Dodged            ||    47

Table legend: (Time is in decaauts)
 A = Elapsed time spent in this place.
 B = Non-inter-level travel time spent in this place.
 C = Inter-level travel time spent in this place.
 D = Time resting spent in this place.
 E = Time spent auto-exploring this place.
 F = Levels seen in this place.
 G = Mean time per level.
                   A        B        C        D        E       F      G
               +--------+--------+--------+--------+--------+-----+--------+
         Total |   1763 |   1754 |      9 |      0 |   1524 |   2 |  881.5 |
       Dungeon |   1763 |   1754 |      9 |      0 |   1524 |   2 |  881.5 |
               +--------+--------+--------+--------+--------+-----+--------+

Top non-repeatable levels by time:
     D:1: 1487 daAuts
     D:2: 276 daAuts
